AoeStats
← Rejmoj

MegaRandom

508929766Analyzed
3v3 RM · 6d ago on Sep 24, 2026· 51m 20s· 6 players
Game mode
Random Map
Map size
Normal (6 player)
Population
200
Speed
Normal
Resources
Standard
Victory
Conquest
Starting age
Dark Age
Ending age
Imperial Age
RankedLock teamsTeams togetherTeam positionsShared explorationLock speedFull tech treeHidden civsTurbo modeCheats
Victory
Defeat
🇸🇪 Georgians · Sweden
905
+15
🇸🇪 Armenians · Sweden
896
+15
🇸🇪 Chinese · Sweden
874
+16
🇺🇸 Dravidians · United States
896
-16
🇹🇷 Chinese · Türkiye
885
-16
🇦🇷 Burgundians · Argentina
850
-14
Felch Baby
12:49 Feudal Age
13:35 Double-Bit Axe
15:40 Horse Collar
21:54 Castle Age
22:35 Gold Mining
23:12 Husbandry
23:50 Heavy Plow
25:32 Wheelbarrow
26:52 Bow Saw
26:45 Caravan
27:56 Hand Cart
32:18 Imperial Age
33:04 Squires
33:40 Conscription
34:36 Wootz Steel
35:13 Arson
35:41 Forging
37:12 Scale Mail Armor
38:09 Iron Casting
41:41 Elite Urumi Swordsman
44:10 Chain Mail Armor
49:29 Plate Mail Armor
80AŞKÖMER
13:34 Feudal Age
14:42 Horse Collar
18:15 Castle Age
17:21 Double-Bit Axe
17:30 Gold Mining
20:35 Heavy Plow
20:49 Bow Saw
32:32 Thumb Ring
32:33 Padded Archer Armor
32:24 Fletching
33:28 Stone Mining
34:19 Gold Shaft Mining
38:49 Imperial Age
36:59 Wheelbarrow
36:23 Bodkin Arrow
36:44 Leather Archer Armor
36:16 Crossbowman
39:13 Hand Cart
39:06 Elite Chu Ko Nu
39:20 Arbalester
40:43 Ring Archer Armor
40:14 Bracer
43:18 Elite Skirmisher
46:57 Caravan
47:28 Coinage
49:40 Two-Man Saw
PopySeed_[CuERvO]
4:20 Loom
5:14 Wheelbarrow
11:46 Feudal Age
14:06 Double-Bit Axe
15:48 Horse Collar
22:02 Castle Age
21:39 Bow Saw
21:45 Heavy Plow
21:49 Gold Mining
22:00 Stone Mining
22:42 Cavalier
23:23 Husbandry
28:54 Gold Shaft Mining
29:08 Crop Rotation
33:10 Scale Barding Armor
33:17 Forging
34:35 Hand Cart
37:45 Chain Barding Armor
38:01 Iron Casting
44:57 Imperial Age
47:28 Chemistry
49:30 Fletching
49:41 Padded Archer Armor
Goose
11:11 Feudal Age
11:52 Double-Bit Axe
11:49 Horse Collar
19:40 Wheelbarrow
18:56 Loom
22:25 Castle Age
20:14 Loom
21:46 Wheelbarrow
23:02 Gold Mining
23:02 Stone Mining
23:33 Bow Saw
23:25 Heavy Plow
25:24 Scale Mail Armor
25:35 Forging
25:15 Fletching
25:26 Padded Archer Armor
26:17 Stone Shaft Mining
26:17 Gold Shaft Mining
27:37 Gold Shaft Mining
26:27 Elite Skirmisher
27:16 Squires
27:03 Arson
28:52 Thumb Ring
31:27 Chain Mail Armor
31:48 Iron Casting
33:43 Ballistics
33:45 Hand Cart
33:21 Town Watch
38:27 Imperial Age
36:24 Leather Archer Armor
36:04 Bodkin Arrow
36:32 Bodkin Arrow
39:56 Ring Archer Armor
39:27 Bracer
39:49 Conscription
38:58 Elite Fire Lancer
40:43 Chemistry
42:04 Plate Mail Armor
42:34 Blast Furnace
41:52 Caravan
42:23 Coinage
41:54 Elite Chu Ko Nu
44:02 Murder Holes
44:19 Masonry
44:20 Fortified Wall
47:30 Architecture
Peadar Pàrcair
4:46 Loom
13:12 Feudal Age
14:13 Double-Bit Axe
20:33 Castle Age
20:07 Bloodlines
20:47 Stone Mining
22:53 Husbandry
27:21 Scale Barding Armor
27:30 Forging
28:35 Horse Collar
29:49 Bow Saw
29:30 Gold Mining
30:32 Caravan
33:35 Wheelbarrow
36:31 Imperial Age
34:34 Heavy Plow
37:45 Chain Barding Armor
38:00 Iron Casting
36:50 Elite Monaspa
37:51 Conscription
39:44 Plate Barding Armor
40:41 Blast Furnace
44:56 Parthian Tactics
45:26 Siege Engineers
46:08 Elite Skirmisher
46:58 Fletching
47:47 Bodkin Arrow
48:47 Hand Cart
Rejmoj
13:19 Feudal Age
17:59 Castle Age
16:10 Double-Bit Axe
16:08 Horse Collar
18:06 Gold Mining
19:18 Scale Mail Armor
19:28 Forging
19:37 Bow Saw
19:14 Man-at-Arms
20:33 Squires
19:56 Long Swordsman
21:34 Heavy Plow
26:14 Two-Handed Swordsman
27:26 Champion
28:22 Stone Mining
28:59 Gambesons
30:18 Gold Shaft Mining
32:28 Chain Mail Armor
34:42 Pikeman
39:59 Imperial Age
44:21 Fereters
44:37 Conscription
43:40 Elite Composite Bowman
44:51 Halberdier
49:06 Plate Mail Armor
49:12 Iron Casting
49:36 Fletching
49:46 Padded Archer Armor
51:18 Crossbowman
Connection lost

Rejoining the realm…

Still unreachable

The connection could not be restored.

Session expired

The server has moved on; the page needs a fresh start.